 Dungeon Crawl Stone Soup version 0.29.1-12-g30fa7ad0bf (webtiles) character file.

Game seed: 14413022017436572179

72 Catwell the Ruffian (level 4, -3/37 HPs)
             Began as a Ghoul Gladiator on Dec 15, 2022.
             Killed from afar by Terence (4 damage)
             ... with a puff of flame
             ... on level 3 of the Dungeon.
             The game lasted 00:09:09 (2158 turns).

Catwell the Ruffian (Ghoul Gladiator)               Turns: 2158, Time: 00:09:10

Health: -3/37      AC:  6    Str: 19    XL:     4   Next: 26%
Magic:  3/3        EV: 12    Int:  3    God:
Gold:   111        SH:  0    Dex: 10    Spells: 3/3 levels left

rFire   . . .      SeeInvis .     - Unarmed
rCold   + . .      Faith    .   (no shield)
rNeg    + + +      Spirit   .   a - +0 leather armour
rPois   ∞          Reflect  .   b - +0 helmet
rElec   .          Harm     .   (no cloak)
rCorr   .          Rampage  .   i - +0 pair of gloves
Will    .....                   k - +0 pair of boots
Stlth   +.........              (no amulet)
HPRegen 0.00/turn               (no ring)
MPRegen 0.08/turn               (no ring)

@: inhibited regen
A: claws 1, cold resistance 1, negative energy resistance 3, inhibited
regeneration, torment resistance 2, devour on kill
a: no special abilities


You were on level 3 of the Dungeon.
You visited 1 branch of the dungeon, and saw 3 of its levels.

You collected 111 gold pieces.

Inventory:

Missiles
 c - 3 throwing nets (quivered)
 d - a javelin
Armour
 a - a +0 leather armour (worn)
 b - a +0 helmet (worn)
 i - a +0 pair of gloves (worn)
 k - a +0 pair of boots (worn)
Scrolls
 e - a scroll of noise {unknown}
 j - 2 scrolls of identify
 m - 2 scrolls of amnesia
Potions
 f - a potion of mutation {unknown}
 g - 2 potions of flight {unknown}
 h - a potion of lignification {unknown}
 l - a potion of curing {unknown}


   Skills:
 + Level 2.9 Fighting
 + Level 2.4 Throwing
 + Level 3.2 Dodging
 * Level 4.1 Unarmed Combat


You had 3 spell levels left.
You didn't know any spells.
Your spell library contained the following spells:

 Spells                   Type           Power      Damage    Failure   Level
 Blink                    Tloc           0%         N/A       73%         2
 Lesser Beckoning         Tloc           0%         N/A       91%         3
 Manifold Assault         Tloc           0%         N/A       100%        5


Dungeon Overview and Level Annotations

Branches:
Dungeon (3/15)

Altars:

Shops:
D:3 ![

Annotations:
D:3 Terence


Innate Abilities, Weirdness & Mutations

You are immune to poison.
You have sharp fingernails.
Your flesh is cold resistant. (rC+)
You are immune to negative energy. (rN+++)
You do not regenerate when monsters are visible.
You are immune to unholy pain and torment.
You thrive by killing the living.


Message History

You punch the worm!
The worm is severely wounded.
Terence hits you from afar with a +0 trident.
You hit the worm.
You kill the worm!
Terence barely misses you.
Terence is nearby!
Terence closely misses you.
You hit Terence.
Terence is moderately wounded.
Terence barely misses you.
You closely miss Terence.
Terence is moderately wounded.
Terence zaps a wand.
The puff of flame hits you.
You are too injured to fight recklessly!
You are too injured to fight recklessly!
You are too injured to fight recklessly!
Sorry, you're not good enough to have a special ability.
You hit Terence.
Terence is moderately wounded.
Terence barely misses you.
You barely miss Terence.
Terence is moderately wounded.
Terence hits you with a +0 trident.
You hit Terence.
Terence is heavily wounded.
Terence hits you with a +0 trident.
* * * LOW HITPOINT WARNING * * *
You closely miss Terence.
Terence is heavily wounded.
Terence says, "Rest in peace."
Terence hits you but does no damage.
You hit Terence but do no damage.
Terence is heavily wounded.
You hit Terence but do no damage.
Terence is heavily wounded.
Terence zaps a wand.
The puff of flame hits you!
* * * LOW HITPOINT WARNING * * *
Terence zaps a wand.
The puff of flame hits you.
You die...

.. #.# #.# #.#
#.# ####.####
#...≈†..#
#.§§.§..#
#.####§§...≈.#
#.?...§@§∩..≈#
####..§≈†..≈..#
#.@..≈.≈...#
#.#...≈....#
#..........#
############


You could see Terence.

Vanquished Creatures
  An adder (D:2)
  2 worms
  3 dart slugs
  4 ball pythons
  5 endoplasms
  3 hobgoblins
  7 jackals
  6 quokkas
  2 bats (D:1)
  2 frilled lizards
  2 goblins
  4 kobolds
  6 rats
  A spectral goblin (D:1)
48 creatures vanquished.

Vanquished Creatures (others)
  4 plants (D:3)
4 creatures vanquished.

Grand Total: 52 creatures vanquished

Notes
Turn   | Place    | Note
-------+----------+-------------------------------------------
     0 | D:1      | Catwell the Ghoul Gladiator began the quest for the Orb.
     0 | D:1      | Reached XP level 1. HP: 17/17 MP: 0/0
   203 | D:1      | Reached XP level 2. HP: 24/25 MP: 1/1
   451 | D:1      | Found a faded altar of an unknown god.
   771 | D:1      | Reached XP level 3. HP: 30/30 MP: 2/2
  1268 | D:2      | Reached skill level 4 in Unarmed Combat
  1613 | D:2      | Reached XP level 4. HP: 37/37 MP: 3/3
  2085 | D:3      | Found Ryqim's Armour Boutique.
  2132 | D:3      | Found Warubruwk's Distillery.
  2141 | D:3      | Noticed Terence
  2157 | D:3      | HP: 1/37 [Terence/puff of flame (8)]
  2158 | D:3      | Killed from afar by Terence

Illustrated notes

Levels and vault maps discovered:
D:1:      lemuel_arrival_broad_hall, layout_basic,
          dreamdust_ecumenical_altar_drowned_temple
D:2:      layout_loops_ring, serial_rivers, chequers_serial_rivers_small_b,
          chequers_serial_rivers_micro_c, chequers_serial_rivers_room_a,
          chequers_serial_rivers_micro_a
D:3:      layout_basic, nicolae_hepliaklqana_hazy_memory, serial_shops,
          nicolae_diamond_shop, shop_statue, nicolae_shop_stone, uniq_terence

Skill      XL: |  1  2  3 |
---------------+----------+-----
Throwing       | 2 |  2.4
Dodging        | 3 |  3.2
Unarmed Combat | 4 |  4.1
Fighting       | |  2.9

Action                   |  1- 3 |  4- 6 || total
-------------------------+-------+-------++-------
Melee: Unarmed           |   101 |    50 ||   151
       Punch             |     2 |     1 ||     3
  Use: Scroll            |       |     2 ||     2
Armor: Leather armour    |    26 |    10 ||    36
Dodge: Dodged            |    51 |    19 ||    70
